 Dungeon Crawl Stone Soup version 0.32-a0-136-gc02482b (webtiles) character file.

Game seed: 9621808262165360425

45589469 Coo1 the Heavyweight Champion (level 27, 353/353 HPs)
             Began as a Troll Shapeshifter on Feb 10, 2024.
             Was the Champion of Wu Jian.
             Escaped with the Orb
             ... and 15 runes
             ... and 11 gems!
             The game lasted 04:36:05 (32702 turns).

Coo1 the Heavyweight Champion (Troll Shapeshifter) Turns: 32702, Time: 04:36:05

Health: 353/353    AC: 39    Str: 34    XL:     27
Magic:  22/22      EV: 12    Int:  8    God:    Wu Jian [******]
Gold:   3611       SH: 23    Dex: 17    Spells: 26/26 levels left

rFire   + +          +
                       - Unarmed
rCold   + + +        y - +1 tower shield {AC+3}
rNeg    + + +        n - +8 gold dragon scales
rPois   ∞            (helmet restricted)
rElec   .            T - +2 cloak of Seugruw {rF+ Str+4}
rCorr   .            (gloves unavailable)
SInv    .            (boots unavailable)
Will    ++++.        c - amulet of Vitality {RegenMP++ Regen++} Stlth
                     S - ring of flight
HPRegen 3.18/turn    P - ring "Hizel" {rF+ rC+ rN+ Will+ Stlth-}
MPRegen 0.98/turn

%: clarity
@: death-form, flying
A: vile attack, torment immunity, no potions, large, unfitting armour, claws 3,
regeneration 1, shaggy fur 1, tough skin 1, clarity, robust 1
0: Orb of Zot
}: 15/15 runes: barnacled, slimy, silver, golden, iron, obsidian, icy, bone,
abyssal, demonic, glowing, magical, fiery, dark, gossamer
a: Siphon Essence, Begin Untransformation, Renounce Religion, Wall Jump,
Serpent's Lash, Heavenly Storm


You escaped.
You worshipped Wu Jian.
Wu Jian was exalted by your worship.
You were an undying horror.
You visited 17 branches of the dungeon, and saw 87 of its levels.
You visited Pandemonium 1 time, and saw 16 of its levels.
You visited the Abyss 3 times.
You also visited: Gauntlet, Volcano and Desolation.

You collected 9231 gold pieces.
You spent 5620 gold pieces at shops.

Inventory:

Missiles
 b - 4 throwing nets
 l - 17 javelins (quivered)
 u - 7 curare-tipped darts
 D - 113 large rocks
 L - 6 silver javelins
Armour
 n - +8 gold dragon scales (worn)
 r - +0 storm dragon scales
 y - a +1 tower shield of protection (worn)
 I - a +2 kite shield of fire resistance
 T - the +2 cloak of Seugruw (worn) {rF+ Str+4}
   (You acquired it on level 1 of the Shoals)

   Str+4:     It affects your strength (+4).
   rF+:       It protects you from fire.
Jewellery
 c - the amulet of Vitality (around neck) {RegenMP++ Regen++}
   (You found it in a Gauntlet)

   [amulet of magic regeneration]

   RegenMP:   It increases your rate of magic regeneration.
   Regen++:   It increases your rate of health regeneration.
 m - a ring of see invisible
 o - the ring of Disaster {rElec rPois rCorr Str+6 Int-2}
   (You acquired it on level 8 of the Dungeon)

   [ring of strength]

   Str+6:     It affects your strength (+6).
   Int-2:     It affects your intelligence (-2).
   rElec:     It insulates you from electricity.
   rPois:     It protects you from poison rCorr: It protects you from acid and
   corrosion.
 z - the ring of Foxteilo {Str+3 Int+6}
   (You found it on level 5 of the Pits of Slime)

   [ring of intelligence]

   Str+3:     It affects your strength (+3).
   Int+6:     It affects your intelligence (+6).
 P - the ring "Hizel" (right claw) {rF+ rC+ rN+ Will+ Stlth-}
   (You found it on level 3 of the Elven Halls)

   [ring of willpower]

   rF+:       It protects you from fire.
   rC+:       It protects you from cold.
   rN+:       It protects you from negative energy.
   Will+:     It increases your willpower.
   Stlth-:    It makes you less stealthy.
 S - a ring of flight (left claw)
 W - the ring "Idda" {rF+ EV+5 Dex+3}
   (You found it on level 3 of the Elven Halls)

   [ring of evasion]

   EV+5:      It affects your evasion (+5).
   Dex+3:     It affects your dexterity (+3).
   rF+:       It protects you from fire.
 X - the ring of Syndicalism {MP+9 Int+3}
   (You found it in the Desolation of Salt)

   [ring of magical power]

   Int+3:     It affects your intelligence (+3).
   MP+9:      It affects your magic capacity (+9).
Talismans
 R - a granite talisman
 V - the death talisman "Lousir" (active) {Slay+3}
   (You found it on level 3 of the Elven Halls)

   [talisman of death]

   Slay+3:    It affects your accuracy & damage with ranged weapons and melee
   (+3).
Wands
 g - a wand of digging (17)
 q - a wand of iceblast (69)
 Z - a wand of acid (19)
Scrolls
 a - 3 scrolls of fear
 d - 3 scrolls of immolation
 h - 5 scrolls of fog
 j - 7 scrolls of vulnerability
 s - 4 scrolls of poison
 t - 2 scrolls of teleportation
 w - a scroll of silence
 K - 5 scrolls of blinking
 N - 2 scrolls of butterflies
 O - 3 scrolls of amnesia
Potions
 e - a potion of haste
 f - 6 potions of enlightenment
 i - 16 potions of curing
 k - a potion of attraction
 p - 5 potions of cancellation
 v - 4 potions of magic
 x - 3 potions of lignification
 A - 6 potions of heal wounds
 B - 7 potions of invisibility
 H - 3 potions of berserk rage
 J - 7 potions of mutation
 M - 3 potions of resistance
 Q - 6 potions of ambrosia
Miscellaneous
 C - a figurine of a ziggurat
 E - a lightning rod (4/4)
 F - a phial of floods
 G - a phantom mirror


   Skills:
 - Level 26.9 Fighting
 * Level 15.6 Throwing
 + Level 19.7 Armour
 + Level 17.1 Dodging
 + Level 20.0 Shields
 O Level 27 Unarmed Combat
 - Level 23.0 Shapeshifting


You had 26 spell levels left.
You didn't know any spells.
Your spell library contained the following spells:

 Spells                   Type           Power      Damage    Failure   Level
 Foxfire                  Conj/Fire      0%         2x1d4     99%         1
 Kiss of Death            Conj/Necr      0%         2d5       99%         1
 Necrotise                Necr           0%         1d4       99%         1
 Sandblast                Erth           0%         2d4       99%         1
 Slow                     Hex            0%         N/A       99%         1
 Sting                    Conj/Alch      0%         1d3       99%         1
 Call Imp                 Summ           0%         N/A       100%        2
 Cigotuvi's Dreadful Rot  Necr/Alch/Air  0%         N/A       100%        2
 Lesser Beckoning         Tloc           0%         N/A       100%        2
 Mercury Vapours          Alch/Air       0%         N/A       100%        2
 Static Discharge         Conj/Air       0%         3-3/arc   100%        2
 Sublimation of Blood     Necr           0%         N/A       100%        2
 Call Canine Familiar     Summ           0%         N/A       100%        3
 Confusing Touch          Hex            0%         N/A       100%        3
 Frozen Ramparts          Ice            0%         1d1       100%        3
 Fugue of the Fallen      Necr           0%         N/A       100%        3
 Gell's Gravitas          Tloc           0%         N/A       100%        3
 Inner Flame              Hex/Fire       0%         N/A       100%        3
 Ozocubu's Armour         Ice            0%         N/A       100%        3
 Passwall                 Erth           0%         N/A       100%        3
 Sigil of Binding         Hex            0%         N/A       100%        3
 Stone Arrow              Conj/Erth      0%         3d7       100%        3
 Summon Ice Beast         Ice/Summ       0%         N/A       100%        3
 Teleport Other           Tloc           0%         N/A       100%        3
 Vampiric Draining        Necr           0%         2d6       100%        3
 Volatile Blastmotes      Fire/Tloc      0%         2d10      100%        3
 Airstrike                Air            0%         2d(0-16)  100%        4
 Anguish                  Hex/Necr       0%         N/A       100%        4
 Animate Armour           Summ/Erth      0%         N/A       100%        4
 Brom's Barrelling Bould  Conj/Erth      0%         2d3       100%        4
 Cause Fear               Hex            0%         N/A       100%        4
 Dimensional Bullseye     Hex/Tloc       0%         N/A       100%        4
 Dispel Undead            Necr           0%         3d6       100%        4
 Fulminant Prism          Conj/Alch      0%         3d5       100%        4
 Iskenderun's Mystic Bla  Conj/Tloc      0%         2d3       100%        4
 Leda's Liquefaction      Alch/Erth      0%         N/A       100%        4
 Manifold Assault         Tloc           0%         N/A       100%        4
 Martyr's Knell           Necr/Summ      0%         N/A       100%        4
 Olgreb's Toxic Radiance  Alch           0%         N/A       100%        4
 Petrify                  Alch/Erth      0%         N/A       100%        4
 Sticky Flame             Fire/Alch      0%         2d4       100%        4
 Summon Lightning Spire   Summ/Air       0%         N/A       100%        4
 Vhi's Electric Charge    Tloc/Air       0%         N/A       100%        4
 Alistair's Intoxication  Alch           0%         N/A       100%        5
 Arcjolt                  Conj/Air       0%         1d10      100%        5
 Borgnjor's Vile Clutch   Necr/Erth      0%         N/A       100%        5
 Curse of Agony           Necr           0%         N/A       100%        5
 Fireball                 Conj/Fire      0%         3d3       100%        5
 Irradiate                Conj/Alch      0%         3d11      100%        5
 Iskenderun's Battlesphe  Conj           0%         2d6       100%        5
 Lee's Rapid Deconstruct  Erth           0%         3d4*      100%        5
 Metabolic Englaciation   Hex/Ice        0%         N/A       100%        5
 Silence                  Hex/Air        0%         N/A       100%        5
 Summon Mana Viper        Hex/Summ       0%         N/A       100%        5
 Conjure Ball Lightning   Conj/Air       0%         3x3d6     100%        6
 Eringya's Noxious Bog    Alch           0%         4d6       100%        6
 Plasma Beam              Fire/Air       0%         2x1d10    100%        6
 Sculpt Simulacrum        Ice/Alch       0%         N/A       100%        6
 Starburst                Conj/Fire      0%         6d3       100%        6
 Malign Gateway           Summ/Tloc      0%         N/A       100%        7
 Monstrous Menagerie      Summ           0%         N/A       100%        7
 Orb of Destruction       Conj           0%         9d5       100%        7
 Summon Hydra             Summ           0%         N/A       100%        7
 Ignition                 Fire           0%         3d3       100%        8
 Maxwell's Capacitive Co  Air            0%         ∞         100%        8
 Summon Horrible Things   Summ           0%         N/A       100%        8
 Death's Door             Necr           0%         N/A       100%        9
 Dragon's Call            Summ           0%         N/A       100%        9


Dungeon Overview and Level Annotations

Branches:
Dungeon (15/15)              Lair (5/5) D:8          Shoals (4/4) Lair:3
 Spider (4/4) Lair:3        Slime (5/5) Lair:4          Orc (2/2) D:9
    Elf (3/3) Orc:2        Vaults (5/5) D:14          Crypt (3/3) Vaults:3
   Tomb (3/3) Crypt:3      Depths (4/4) D:15           Hell (visited)
    Dis (7/7) Hell            Geh (7/7) Hell            Coc (7/7) Hell
    Tar (7/7) Hell            Zot (5/5) Depths:4    Volcano (visited)
Desolation (visited)      Gauntlet (visited)
 Temple: D:4-7

Altars:
Cheibriados
Kikubaaqudgha
Nemelex Xobeh
Okawaru
Uskayaw
Vehumet
Wu Jian
Xom
The Shining One
Jiyva

Shops:
D:1 [*=   D:4 :   D:7 :   D:8 (   D:14 *   Orc:1 [   Orc:2 !=(!   Shoals:4 (
Vaults:1 (   Vaults:3 ?   Vaults:4 !   Depths:4 :

Portals:
Hell: Depths:1 Depths:2 Depths:3 Depths:4
Pandemonium: Depths:2
Ziggurat: Depths:2

Annotations:
D:7 3 runed translucent doors, Radamante's ghost, novice MiFi
D:15 2 exclusions
Lair:1 1 runed translucent door, Tutwicad's ghost, journeyman DsGl
Shoals:2 Frances
Zot:1 Vv


Innate Abilities, Weirdness & Mutations

You are an undying horror.
Your melee and unarmed attacks drain, slow and weaken victims.
You are immune to unholy pain and torment.
You cannot drink.
You are immune to poison.
You are too large for most types of armour.
You have claws for hands.
Your natural rate of healing is unusually fast.
You are covered in fur. (AC +1)
You have tough skin. (AC +1)
You possess an exceptional clarity of mind.
You are robust. (+10% HP)


Message History

Things that are here:
a +2 flail of draining; an orc skeleton A soul eater comes into view.
A soul eater is nearby!
A soul eater is nearby!
You eviscerate the soul eater!!!
You kill the soul eater!
The Council accepts your kill.
You hear a shout!
You see here a hound skeleton.
There is a stone staircase leading up here.
You fly upwards.
There is a stone staircase leading down here.
There is a stone staircase leading up here.
You fly upwards.
There is a stone staircase leading down here.
There is a stone staircase leading down here.
There is a stone staircase leading down here.
There is a stone staircase leading up here.
You see here a hound skeleton.
There is a stone staircase leading up here.
You fly upwards.
There is a stone staircase leading down here.
There is a stone staircase leading up here.
You fly upwards.
There is a stone staircase leading down here.
There is a stone staircase leading up here.
You fly upwards.
There is a stone staircase leading down here.
There is a stone staircase leading up here.
You fly upwards.
There is a stone staircase leading down here.
Aiming: Dig
Press: ? - help, Shift-Dir - straight line This square is covered in magical glow.
The rock shatters into small pieces.
Found 5 gold pieces.
There is a staircase leading out of the dungeon here.
Unknown command.
You have escaped!

...............................##
....######.#...................##
....# #.#.#+###.#######+#.†..#
#...# #.#.#.#..♣♣♣♣♣#.# #....†
###.. #.#.#.......(.... #.##..
##.# #.#.#$.♣..♣.♣..♣ #.##.. .#
#...#≈#♣♣..~..♣♣# #..... .#
##.$#≈#P♣.≈~~.♣P# #.##.. #
#z..~ß≈..># #...## #P♣.~≈~.♣P#
..... #♣♣..≈..♣♣# #.####
..♣..♣.♣..♣..## #.............#
#.#.#♣♣♣♣♣#.#.# # ## ## #


There were no monsters in sight!

Vanquished Creatures
  Cerebov (Pan)
  Antaeus (Coc:7)
  Asmodeus (Geh:7)
  Dissolution (Slime:3)
  the Royal Jelly (Slime:5)
  Mnoleg (Pan)
  Gloorx Vloq (Pan)
  Ereshkigal (Tar:7)
  Lom Lobon (Pan)
  Dispater (Dis:7)
  6 ancient liches
  Khufu (Crypt:2)
  9 dread liches
  2 orbs of fire
  A juggernaut (Dis:3)
  34 royal mummies
  5 pandemonium lords
  20 shard shrikes
  Bai Suzhen (Shoals:3)
  Margery (Vaults:5)
  8 Killer Klowns
  30 caustic shrikes
  Nikola (Shoals:2)
  A curse toe (Zot:2)
  Geryon (Hell)
  4 golden dragons
  7 profane servitors
  13 bone dragons
  17 Tzitzimimeh
  20 Brimstone Fiends
  A spectral shard shrike (Tar:3)
  9 doom hounds
  6 iron giants
  3 electric golems
  18 Hell Sentinels
  9 hellephants
  A shard shrike zombie (Crypt:3)
  21 Orb Guardians
  20 Ice Fiends
  10 tainted leviathans
  13 titans
  4 liches
  17 tentacled monstrosities
  2 deep elf blademasters (Elf:3)
  A deep elf master archer (Elf:3)
  13 searing wretches
  10 sphinxes
  4 death cobs
  6 quicksilver dragons
  11 acid blobs
  28 ancient champions
  6 tentacled starspawn
  17 Executioners (Pan)
  Kirke (Lair:4)
  Polyphemus (Shoals:2)
  2 krakens
  A walking frostbound tome (Abyss:4)
  6 shadow dragons
  5 storm dragons
  7 tengu reavers
  Ilsuiw (Shoals:3)
  6 deep elf sorcerers (Elf:3)
  4 revenants
  9 azure jellies
  10 protean progenitors
  7 rockslimes
  8 draconian knights
  12 demonspawn warmongers (Pan)
  12 quicksilver elementals
  8 iron dragons
  3 draconian shifters
  2 imperial myrmidons (Desolation)
  9 narguns
  8 draconian monks
  12 fire giants
  A juggernaut zombie (Tomb:3)
  15 vault wardens
  6 draconian scorchers
  9 frost giants
  Louise (Shoals:3)
  7 ghost moths
  28 balrugs
  A spriggan defender (Depths:2)
  7 emperor scorpions (Spider:4)
  A spectral juggernaut (Tar:3)
  4 curse skulls
  17 cacodemons
  6 shard shrike simulacra
  2 spectral caustic shrikes
  3 orc warlords
  6 deep elf elementalists (Elf:3)
  6 ironbound preservers
  5 ghouls
  8 draconian annihilators
  6 demonspawn corrupters (Pan)
  4 draconian stormcallers
  18 reapers
  4 caustic shrike skeletons (Pan)
  A formless jellyfish (Vaults:3)
  5 juggernaut skeletons
  A broodmother (Spider:4)
  6 demonspawn blood saints (Pan)
  16 very ugly things
  14 quicksilver oozes
  21 elemental wellsprings
  3 ironbound thunderhulks
  13 vampire knights
  7 demonspawn black suns (Pan)
  15 stone giants
  6 deep elf demonologists
  2 bennus (Tomb:1)
  10 lorocyprocas
  7 deep elf annihilators
  9 putrid mouths
  6 deep elf death magi
  11 black draconians
  A minotaur (Gauntlet)
  10 wendigos
  7 green draconians
  12 red draconians
  11 white draconians
  20 yellow draconians
  A spectral titan (Tar:5)
  A bunyip (Pan)
  18 war gargoyles
  2 halazid warlocks (Desolation)
  6 spark wasps
  7 purple draconians
  4 crystal guardians
  6 eidola
  10 blizzard demons
  8 green deaths (Pan)
  4 merfolk javelineers
  23 mummy priests
  19 iron golems
  14 yaktaur captains
  6 ettins
  13 fire dragons
  10 merfolk impalers
  3 jiangshi
  A shambling mangrove (Abyss:5)
  Josephine (Orc:1)
  A quicksilver dragon zombie (Tomb:3)
  2 spectral spriggans
  6 ragged hierophants (Desolation)
  35 vault guards
  6 entropy weavers
  3 deep elf high priests
  3 hydras
  5 rakshasas
  7 great orbs of eyes
  2 kraken zombies (Hell)
  A spriggan zombie (Tomb:2)
  10 salamander tyrants
  A fenstrider witch zombie (Crypt:2)
  4 spriggan air magi
  4 ice dragons
  8 juggernaut simulacra
  2 ghost crabs (Abyss:5)
  4 servants of whispers
  3 jorogumos (Pan)
  10 peacekeepers
  2 ogre magi
  2 catoblepae
  12 caustic shrike simulacra
  4 hell beasts
  3 alligator snapping turtles
  A spriggan skeleton (Tomb:3)
  A spectral tengu (Tar:2)
  A fenstrider witch skeleton (Tomb:1)
  3 ironbound frosthearts
  6 two-headed ogres
  6 boulder beetles
  2 merfolk avatars (Shoals:4)
  2 stokers
  14 centaur warriors
  A two-headed ogre (shapeshifter) (Vaults:5)
  A naga warrior (Abyss:5)
  2 alligators (Zot:2)
  3 merfolk aquamancers
  11 dancing weapons
  6 tengu warriors
  44 death scarabs
  33 hell hogs
  5 vampire magi
  4 death yaks
  2 death knights
  6 deep troll shamans
  2 orc high priests
  2 satyrs (Shoals:3)
  A titan zombie (Crypt:3)
  12 deep troll earth magi
  11 demonic crawlers
  7 spriggan berserkers
  Urug (Orc:2)
  2 shock serpents (Zot:5)
  19 soul eaters
  38 sun demons
  8 thrashing horrors
  A spectral emperor scorpion (Spider:4)
  Sonja (Lair:5)
  A storm dragon zombie (Crypt:3)
  22 hell knights
  9 crystal echidnas
  2 hellephant skeletons (Pan)
  6 deep elf knights
  A salamander mystic (Volcano)
  23 sixfirhies (Pan)
  2 skysharks (Shoals:1)
  3 pharaoh ants
  2 goliath frogs (Pan)
  A skyshark (shapeshifter) (Vaults:5)
  20 skeletal warriors
  4 wretched stars
  3 quicksilver dragon simulacra
  21 shadow wraiths
  3 iron trolls
  2 fire crabs (Abyss:5)
  8 sea snakes
  6 flayed ghosts
  12 shadow demons (Pan)
  2 mana vipers (shapeshifter)
  5 glowing orange brains
  A swamp dragon (Lair:5)
  A spark wasp zombie (Crypt:1)
  7 arcanists
  21 deep trolls
  An orb spider (Spider:2)
  19 harpies
  18 phantasmal warriors
  A spectral hydra (Tar:3)
  24 orc knights
  Pikel (D:8)
  5 spriggan simulacra
  A spectral wolf spider (Spider:4)
  A harpy (shapeshifter) (Abyss:2)
  A sun moth (Pan)
  3 anaconda skeletons
  4 deep elf archers
  17 ironbound convokers
  14 starcursed masses
  17 necromancers
  An alligator zombie (Hell)
  4 steelbarb worms
  21 deep elf zephyrmancers
  2 wolf spider zombies (Spider:4)
  A broodmother zombie (Spider:4)
  A lindwurm (Vaults:2)
  11 shining eyes
  14 deep elf pyromancers
  An iron dragon zombie (Depths:1)
  7 orc sorcerers
  7 wolf spiders
  2 stone giant zombies
  7 cyclopes
  A spectral ettin (Tar:3)
  10 manticores
  53 ugly things
  2 shadow dragon skeletons (Depths:1)
  A sphinx simulacrum (Depths:1)
  A worldbinder (Abyss:2)
  3 salamanders (Volcano)
  A shining eye (shapeshifter) (Vaults:5)
  6 fauns (Shoals:3)
  22 large abominations
  28 moths of wrath
  4 stone giant skeletons
  11 elephants
  8 merfolk sirens
  2 apocalypse crabs (Abyss:5)
  A naga zombie (Tomb:1)
  9 ice statues
  A fire giant skeleton (Depths:2)
  3 meliai (D:14)
  2 torpor snails
  A water nymph (shapeshifter) (Vaults:5)
  A kobold blastminer (Orc:2)
  2 frost giant skeletons (Depths:2)
  An elephant (shapeshifter) (Depths:4)
  13 vault sentinels
  3 eyes of devastation
  6 black mambas
  4 guardian serpents
  13 orange demons (Pan)
  21 smoke demons
  4 titan simulacra
  2 water nymphs
  4 gargoyles
  8 rust devils
  8 molten gargoyles
  19 hellions
  12 cane toads
  A shock serpent skeleton (Crypt:3)
  An alligator snapping turtle zombie (Crypt:2)
  3 unseen horrors (Tar:7)
  28 yaktaurs
  4 rime drakes
  A sea snake zombie (Hell)
  2 kobold demonologists
  2 tengu conjurers
  22 tormentors
  4 spectral redbacks (Spider:4)
  2 bunyip simulacra (Coc:2)
  4 ice devils (Pan)
  3 efreet
  9 freezing wraiths
  A redback zombie (Spider:4)
  8 komodo dragons
  A hydra zombie (Hell)
  A sea snake skeleton (Hell)
  A golden dragon simulacrum (Coc:6)
  5 wind drakes
  3 ancient zymes
  A harpy zombie (Crypt:2)
  2 iron giant simulacra
  3 spectral harpies
  4 trolls
  45 guardian mummies
  10 polar bears
  A silent spectre (Tar:7)
  24 merfolk
  2 spectral tarantellas (Spider:4)
  2 hydra skeletons (Hell)
  27 hellwings
  A spectral jumping spider (Spider:4)
  5 hornets
  2 red devils (Pan)
  12 tarantellas
  A tyrant leech (Gauntlet)
  2 glass eyes (Slime:5)
  A harpy skeleton (Tomb:2)
  49 saltlings
  2 iron dragon simulacra
  11 snapping turtles
  A guardian serpent zombie (Crypt:1)
  2 dream sheep (Shoals:4)
  11 raiju
  8 blink frogs
  An ice dragon zombie (Tomb:1)
  3 spectral culicivoras (Spider:4)
  A culicivora (shapeshifter) (Depths:1)
  A jumping spider zombie (Spider:4)
  4 centaur simulacra (Coc:2)
  9 culicivoras
  13 jumping spiders
  2 satyr skeletons
  5 dire elephant simulacra
  33 yaks
  39 slime creatures
  3 spriggans (Depths:2)
  8 water elementals
  5 shadows
  11 wraiths
  23 ushabtiu
  20 ynoxinuls
  2 vampires (D:9)
  A yak (shapeshifter) (D:12)
  A black mamba skeleton (Crypt:2)
  3 naga simulacra
  19 redbacks
  2 hogs (Lair:4)
  6 wargs
  6 wyverns
  6 basilisks
  A fire elemental (Elf:3)
  7 vampire mosquitoes
  4 steam dragons
  12 neqoxecs
  6 chaos spawn
  A glowing shapeshifter zombie (Depths:1)
  4 nagas (Abyss:5)
  An acid dragon (D:13)
  18 harpy simulacra
  3 swamp worms (Gauntlet)
  5 small abominations
  3 swamp drakes (Lair:5)
  A glowing shapeshifter skeleton (Depths:2)
  20 hell hounds
  17 water moccasins
  13 orc warriors
  A human skeleton (Depths:1)
  16 laughing skulls
  2 ice beasts (D:7)
  3 ettin simulacra
  10 ogres
  11 black bears (Lair:5)
  A black bear (shapeshifter) (Abyss:4)
  22 wolves
  4 centaurs
  9 boggarts
  7 kobold brigands
  3 lemures
  9 weeping skulls (Crypt:3)
  8 bullfrogs
  3 scorpions
  A komodo dragon skeleton (Crypt:1)
  2 gnoll sergeants
  A water moccasin zombie (Crypt:1)
  2 necrophages
  A burial acolyte (D:5)
  7 wights
  A wyvern skeleton (Crypt:2)
  6 jellies
  2 quasits (Abyss:2)
  A centaur skeleton (Crypt:3)
  11 orc priests
  3 gnoll boudas
  2 hounds
  A sleepcap (D:6)
  6 iguanas
  A boggart zombie (Crypt:1)
  12 orc wizards
  5 hell rats (Lair:5)
  An acid dragon skeleton (Crypt:3)
  A hound zombie (D:5)
  51 mummies
  A howler monkey zombie (Crypt:2)
  24 gnolls
  3 adders
  2 shadow imps
  5 white imps
  2 ufetubi (D:5)
  2 adder zombies (D:5)
  2 dart slugs
  36 orcs
  2 ball pythons (D:1)
  A bat skeleton (Crypt:3)
  An endoplasm (D:4)
  2 giant cockroaches
  3 hobgoblins
  19 kobolds
  5 quokkas
  2 bats
  5 goblins
  2 kobold zombies (D:5)
  A rat (D:1)
  5 aspiring fleshes
  A creeping inferno (Geh:4)
  7 fire vortices
  13 starspawn tentacles
  11 tentacles
3238 creatures vanquished.

Vanquished Creatures (others)
  An eldritch tentacle (Pan)
  A draconian knight (Zot:2)
  A draconian annihilator (Pan)
  2 green draconians (Zot:2)
  A purple draconian (Zot:2)
  3 wendigos
  A blizzard demon (Pan)
  5 rakshasas (Pan)
  2 caustic shrike simulacra
  2 juggernaut simulacra
  A jorogumo (Pan)
  A hell hog (Geh:2)
  A soul eater (Pan)
  A spriggan simulacrum (Coc:6)
  A manticore (Shoals:4)
  2 smoke demons (Pan)
  A tormentor (Coc:6)
  2 saltlings (Desolation)
  2 slime creatures (Vaults:1)
  A dire elephant simulacrum (Coc:4)
  A ynoxinul (Pan)
  A harpy simulacrum (Coc:2)
  A hydra simulacrum (Coc:6)
  An ettin simulacrum (Coc:6)
  An orc (Orc:2)
  3 ball lightnings (Pan)
  3 creeping infernos
  2 fire vortices
  A lurking horror (Abyss:4)
  18 starspawn tentacles
  18 tentacles
82 creatures vanquished.

Grand Total: 3320 creatures vanquished

Notes
Turn   | Place    | Note
-------+----------+-------------------------------------------
     0 | D:1      | Coo1 the Troll Shapeshifter began the quest for the Orb.
     0 | D:1      | Reached XP level 1. HP: 18/18 MP: 0/0
    44 | D:2      | Found an iron altar of Okawaru.
   114 | D:1      | Found Imyasuos's Armour Shop.
   115 | D:1      | Found Loshrogef's General Store.
   208 | D:1      | Reached XP level 2. HP: 17/26 MP: 1/1
   237 | D:1      | Found a faded altar of an unknown god.
   238 | D:1      | Found Oruos's Jewellery Shop.
   413 | D:5      | Entered Level 5 of the Dungeon
   426 | D:5      | Reached XP level 3. HP: 27/32 MP: 2/2
   442 | D:6      | Found a snail-covered altar of Cheibriados.
   463 | D:5      | Found an ancient bone altar of Kikubaaqudgha.
   464 | D:5      | Noticed a burial acolyte
   475 | D:4      | Noticed a scorpion
   486 | D:4      | Reached skill level 4 in Unarmed Combat
   486 | D:4      | Reached XP level 4. HP: 40/40 MP: 3/3
   489 | D:4      | Killed a scorpion
   490 | D:4      | Reached XP level 5. HP: 46/46 MP: 4/4
   606 | D:4      | Noticed a phantom
   625 | D:4      | Found an ornate altar of the Wu Jian Council.
   633 | D:4      | Became a worshipper of the Wu Jian Council
   642 | D:4      | Reached skill level 5 in Unarmed Combat
   664 | D:4      | Found Tefry's Tremendous Tomes.
   730 | D:5      | Reached skill level 5 in Shapeshifting
   730 | D:5      | Reached XP level 6. HP: 39/54 MP: 5/5
   845 | D:7      | Noticed a water moccasin
   922 | D:6      | Found a hide-covered altar of Uskayaw.
   958 | D:6      | Reached * piety under Wu Jian
  1013 | D:6      | Reached skill level 6 in Unarmed Combat
  1022 | D:6      | Reached XP level 7. HP: 61/61 MP: 6/6
  1234 | D:7      | Reached skill level 7 in Unarmed Combat
  1272 | D:7      | Reached XP level 8. HP: 59/68 MP: 7/7
  1283 | D:7      | Found a runed translucent gate.
  1283 | D:7      | Found a runed translucent gate.
  1283 | D:7      | Found a runed translucent gate.
  1284 | D:7      | Noticed Radamante's ghost (novice MiFi)
  1414 | D:7      | Reached skill level 1 in Fighting
  1434 | D:8      | Noticed Pikel
  1490 | D:7      | Found Duebun's Book Emporium.
  1535 | D:7      | Found an iron altar of Okawaru.
  1573 | D:7      | Reached skill level 8 in Unarmed Combat
  1744 | D:8      | Reached ** piety under Wu Jian
  1745 | D:8      | Reached XP level 9. HP: 24/83 MP: 8/8
  1837 | D:8      | Found Feopt's Firing Range.
  2070 | D:10     | Entered Level 10 of the Dungeon
  2432 | D:7      | Found a shimmering altar of Xom.
  2519 | D:8      | Found a staircase to the Lair.
  2520 | D:8      | Noticed a komodo dragon
  2527 | D:8      | Identified a scroll of acquirement
  2535 | D:8      | Killed a komodo dragon
  2536 | D:8      | Reached skill level 5 in Fighting
  2536 | D:8      | Reached skill level 5 in Dodging
  2536 | D:8      | Reached skill level 9 in Unarmed Combat
  2537 | D:8      | Acquired the ring of Disaster {rElec rPois rCorr Str+6
                  | Int-2}
  2549 | Lair:1   | Entered Level 1 of the Lair of Beasts
  2551 | Lair:1   | Noticed a komodo dragon
  2735 | D:11     | You fall into a shaft and drop 1 floor!
  2879 | D:9      | Noticed a kobold demonologist
  2883 | D:9      | Noticed an ice devil
  2884 | D:9      | Noticed a soul eater
  2884 | D:9      | Killed a kobold demonologist
  2885 | D:9      | Reached XP level 10. HP: 96/96 MP: 9/9
  2891 | D:9      | Found a staircase to the Orcish Mines.
  2893 | D:9      | Reached *** piety under Wu Jian
  2909 | D:9      | Reached skill level 10 in Unarmed Combat
  3189 | D:8      | Found a glowing golden altar of the Shining One.
  3283 | Lair:1   | Found a runed translucent door.
  3283 | Lair:1   | Noticed Tutwicad's ghost (journeyman DsGl)
  3325 | Lair:1   | Reached skill level 11 in Unarmed Combat
  3457 | Lair:1   | Noticed a black mamba
  3469 | Lair:1   | Killed a black mamba
  3475 | Lair:1   | Reached XP level 11. HP: 39/102 MP: 10/10
  3535 | Lair:1   | You fall into a shaft and drop 1 floor!
  3553 | Lair:2   | Reached skill level 12 in Unarmed Combat
  3676 | Lair:2   | Reached **** piety under Wu Jian
  3953 | Lair:3   | Noticed an eight-headed hydra
  4249 | Lair:3   | Identified the +7 chain mail of Anulius {Rampage Will+}
  4285 | Lair:4   | Noticed Kirke
  4296 | Lair:4   | Killed Kirke
  4297 | Lair:4   | Reached XP level 12. HP: 118/118 MP: 11/11
  4352 | Lair:3   | Reached skill level 13 in Unarmed Combat
  4449 | Lair:4   | Reached skill level 10 in Dodging
  4522 | Lair:4   | Reached skill level 14 in Unarmed Combat
  4624 | Lair:3   | Noticed a catoblepas
  4695 | Lair:4   | Found a runed translucent door.
  4696 | Lair:4   | Noticed an acid blob
  4699 | Lair:4   | Found a staircase to the Slime Pits.
  4705 | Lair:5   | Entered Level 5 of the Lair of Beasts
  4872 | Lair:5   | Noticed Sonja
  4878 | Lair:5   | Killed Sonja
  4939 | Lair:5   | Reached skill level 15 in Unarmed Combat
  5044 | Lair:5   | Reached ***** piety under Wu Jian
  5045 | Lair:5   | Reached skill level 1 in Armour
  5077 | Lair:5   | Reached XP level 13. HP: 121/127 MP: 12/12
  5115 | Lair:5   | Noticed a fire dragon
  5122 | Lair:5   | Killed a fire dragon
  5450 | Lair:5   | Reached skill level 5 in Armour
  5508 | Lair:5   | Got an earthy gem with 1527 turns to spare
  6006 | Orc:1    | Entered Level 1 of the Orcish Mines
  6111 | Orc:1    | Found a dark tunnel.
  6117 | Volcano  | Entered a volcano
  6359 | Volcano  | Noticed a red draconian
  6366 | Volcano  | Killed a red draconian
  6428 | Orc:2    | Entered Level 2 of the Orcish Mines
  6428 | Orc:2    | Found a staircase to the Elven Halls.
  6431 | Orc:2    | Noticed Josephine
  6448 | Orc:1    | Reached skill level 1 in Shields
  6462 | Orc:1    | Killed Josephine
  6505 | Orc:2    | Noticed Urug
  6509 | Orc:2    | Killed Urug
  6521 | Orc:1    | Found Runej's Antique Armour Shoppe.
  6525 | Orc:1    | Bought a glowing kite shield for 240 gold pieces
  6525 | Orc:1    | Bought an encrusted cloak for 304 gold pieces
  6525 | Orc:1    | Identified the +2 cloak "Har Okuh" {rPois Regen+} (You
                  | bought it in a shop on level 1 of the Orcish Mines)
  6750 | Orc:2    | Reached XP level 14. HP: 124/140 MP: 13/13
  6975 | Orc:2    | Reached skill level 5 in Shields
  7159 | Orc:2    | Found Sossurad's Distillery.
  7166 | Orc:2    | Found Pouxt's Jewellery Shoppe.
  7171 | Orc:2    | Bought 2 potions of degeneration for 22 gold pieces
  7171 | Orc:2    | Bought a potion of mutation for 88 gold pieces
  7171 | Orc:2    | Bought a potion of berserk rage for 55 gold pieces
  7171 | Orc:2    | Bought a potion of heal wounds for 55 gold pieces
  7175 | Orc:2    | Bought a dragon-blood talisman for 900 gold pieces
  7198 | Orc:2    | Found Vuanyiff's Antique Weapon Shoppe.
  7200 | Orc:2    | Paralysed by an orc sorcerer for 5 turns
  7204 | Orc:2    | HP: 7/140 [orc sorcerer/+0 dagger (1)]
  7326 | Orc:2    | Found Vufipp's Distillery.
  7351 | Orc:2    | Bought a potion of resistance for 150 gold pieces
  7351 | Orc:2    | Bought a potion of resistance for 150 gold pieces
  7351 | Orc:2    | Bought a potion of might for 60 gold pieces
  7687 | D:14     | Found Mikko's Pet Rocks.
  7942 | D:14     | Reached skill level 10 in Shapeshifting
  7982 | D:14     | Found a gate to the Vaults.
  8304 | D:15     | Entered Level 15 of the Dungeon
  8493 | D:15     | Found a gate leading to a gauntlet.
  8503 | Gauntlet | Entered a Gauntlet
  8503 | Gauntlet | Found a transporter.
  8506 | Gauntlet | Found a transporter.
  8509 | Gauntlet | Found a transporter.
  8510 | Gauntlet | Found a transporter.
  8510 | Gauntlet | Found the amulet of Vitality {RegenMP++ Regen++}
  8532 | Gauntlet | Found a transporter.
  8576 | Gauntlet | Found a transporter.
  8583 | Gauntlet | Identified the +2 pair of boots of Dikkiedd {Int+4}
  8776 | D:15     | Reached XP level 15. HP: 127/146 MP: 14/14
  8957 | D:15     | Found a staircase to the Depths.
  8966 | D:15     | Got a smoky gem with 4263 turns to spare
 10010 | Lair:3   | Found a staircase to the Shoals.
 10089 | Lair:3   | Found a hole to the Spider Nest.
 10098 | Spider:1 | Entered Level 1 of the Spider Nest
 10403 | Spider:3 | Reached ****** piety under Wu Jian
 10590 | Spider:4 | Entered Level 4 of the Spider Nest
 10882 | Spider:4 | Noticed an emperor scorpion
 10894 | Spider:4 | Killed an emperor scorpion
 10895 | Spider:4 | Reached skill level 15 in Shapeshifting
 10932 | Spider:4 | Noticed an emperor scorpion
 10942 | Spider:4 | Killed an emperor scorpion
 10956 | Spider:4 | Noticed an emperor scorpion
 10960 | Spider:4 | Killed an emperor scorpion
 10984 | Spider:4 | Noticed an emperor scorpion
 10988 | Spider:4 | Noticed an emperor scorpion
 10988 | Spider:4 | Noticed an emperor scorpion
 11035 | Spider:4 | Killed an emperor scorpion
 11035 | Spider:4 | Killed an emperor scorpion
 11036 | Spider:4 | Reached XP level 16. HP: 156/156 MP: 15/15
 11134 | Spider:4 | Got a milky-white gem with 1405 turns to spare
 11151 | Spider:4 | Got a gossamer rune of Zot
 11242 | Spider:4 | Lost intelligence.
 11545 | D:14     | Bought a granite talisman for 900 gold pieces
 11787 | Shoals:1 | Entered Level 1 of the Shoals
 11886 | Shoals:1 | Reached skill level 16 in Unarmed Combat
 12034 | Shoals:1 | Acquired the +2 cloak of Seugruw {rF+ Str+4}
 12153 | Shoals:2 | Noticed Frances
 12192 | Shoals:2 | Noticed Nikola
 12196 | Shoals:2 | Killed Nikola
 12207 | Shoals:2 | Reached skill level 10 in Fighting
 12229 | Shoals:2 | Noticed Polyphemus
 12238 | Shoals:2 | Killed Polyphemus
 12342 | Shoals:4 | Entered Level 4 of the Shoals
 12526 | Shoals:4 | Reached XP level 17. HP: 166/166 MP: 16/16
 12631 | Shoals:4 | Found Fofunnyosaa's Weapon Shop.
 12647 | Shoals:4 | Noticed a kraken
 12653 | Shoals:4 | Killed a kraken
 12710 | Shoals:4 | Got an azure gem with 463 turns to spare
 12712 | Shoals:4 | Got a barnacled rune of Zot
 12851 | Shoals:3 | Noticed Bai Suzhen
 12858 | Shoals:3 | Killed Bai Suzhen
 12859 | Shoals:3 | Reached skill level 10 in Shields
 12860 | Shoals:3 | Noticed Ilsuiw
 12862 | Shoals:3 | Noticed Louise
 12872 | Shoals:3 | Killed Louise
 12894 | Shoals:3 | Killed Ilsuiw
 12991 | Shoals:2 | Reached skill level 1 in Throwing
 13173 | D:8      | Killed Pikel
 13239 | Elf:1    | Entered Level 1 of the Elven Halls
 13473 | Elf:1    | Identified the ring "Weseu" {Wiz rC- Str+7 Dex+3 Stlth-}
 13553 | Elf:3    | Entered Level 3 of the Elven Halls
 13895 | Elf:3    | Noticed a deep elf blademaster
 13906 | Elf:3    | Noticed a deep elf master archer
 13906 | Elf:3    | Killed a deep elf blademaster
 13907 | Elf:3    | Reached XP level 18. HP: 179/179 MP: 17/17
 13923 | Elf:3    | Reached skill level 5 in Throwing
 13933 | Abyss:2  | Found a corrupted altar of Lugonu.
 13933 | Abyss:2  | Cast into level 2 of the Abyss (a deep elf sorcerer)
 14153 | Elf:3    | Escaped the Abyss
 14184 | Elf:3    | Identified the ring "Hizel" {rF+ rC+ rN+ Will+ Stlth-}
 14216 | Elf:3    | Identified the death talisman "Lousir" {Slay+3}
 14220 | Elf:3    | Identified the ring "Idda" {rF+ EV+5 Dex+3}
 14232 | Elf:3    | Got a shimmering gem with 695 turns to spare
 14266 | Elf:3    | Got the Papyrus of Spooky Secrets
 14293 | Elf:3    | Got the Meditations on Conflagration
 14701 | Vaults:1 | Entered Level 1 of the Vaults
 14851 | Vaults:1 | Found Lepoawk's Weapon Shoppe.
 15138 | Vaults:3 | Found Togaic's Magic Scroll Emporium.
 15143 | Vaults:3 | Bought a scroll of enchant armour for 142 gold pieces
 15143 | Vaults:3 | Bought a scroll of blinking for 142 gold pieces
 15143 | Vaults:3 | Bought a scroll of identify for 38 gold pieces
 15143 | Vaults:3 | Bought a scroll of blinking for 142 gold pieces
 15236 | Vaults:3 | Found a crumbling gateway.
 15241 | Vaults:3 | Reached XP level 19. HP: 189/189 MP: 18/18
 15246 | Desolati | Entered the Desolation of Salt
 15340 | Desolati | Identified the ring of Syndicalism {MP+9 Int+3}
 15361 | Desolati | Got Habbarr Neru's Parchment of Radiant Inhalation
 15362 | Desolati | Identified the amulet "Mizaom" {Acrobat *Slow +Inv rElec
                  | Stlth+}
 15418 | Desolati | Identified the amulet "Lezucuni" {Faith ^Fragile rPois
                  | rC+++ Will+ rCorr}
 15440 | Desolati | Got the Encyclopedia of Saltpetre
 15459 | Desolati | Identified the +2 buckler "Guva" {^Drain Str+4 Int+4}
 15540 | Desolati | Identified the ring "Giymeu" {Wiz Dex+3}
 15691 | Vaults:4 | Reached skill level 17 in Unarmed Combat
 15793 | Vaults:4 | Paralysed by a sphinx for 2 turns
 15857 | Vaults:4 | Found Quifilot's Distillery.
 15868 | Vaults:4 | Bought a potion of curing for 69 gold pieces
 15868 | Vaults:4 | Bought a potion of cancellation for 184 gold pieces
 15868 | Vaults:4 | Bought a potion of haste for 230 gold pieces
 15868 | Vaults:4 | Bought a potion of curing for 69 gold pieces
 15946 | Vaults:3 | Reached skill level 15 in Dodging
 16365 | Vaults:5 | Entered Level 5 of the Vaults
 16407 | Vaults:5 | Reached XP level 20. HP: 202/202 MP: 19/19
 16418 | Vaults:5 | Reached skill level 18 in Unarmed Combat
 16444 | Vaults:5 | Noticed a golden dragon
 16450 | Vaults:5 | Noticed a dread lich
 16456 | Vaults:5 | Killed a dread lich
 16458 | Vaults:5 | Killed a golden dragon
 16475 | Vaults:5 | Noticed a dread lich
 16479 | Vaults:5 | Killed a dread lich
 16500 | Vaults:5 | Noticed a golden dragon
 16502 | Vaults:5 | Killed a golden dragon
 16556 | Vaults:5 | Noticed a dread lich
 16556 | Vaults:5 | Noticed Margery
 16562 | Vaults:5 | Killed a dread lich
 16563 | Vaults:5 | Killed Margery
 16619 | Vaults:5 | Paralysed by an orc sorcerer for 4 turns
 16634 | Vaults:5 | Reached XP level 21. HP: 214/214 MP: 20/20
 16689 | Vaults:5 | Identified the +6 scimitar "Ecuhicho" {heavy, rF+ Str+2}
 16723 | Vaults:5 | Identified the +11 quarterstaff of Yckentywia {venom, Will+
                  | rCorr Int+4}
 16845 | Vaults:5 | Got a shining gem with 1222 turns to spare
 16847 | Vaults:5 | Got a silver rune of Zot
 16942 | Vaults:5 | Identified the +4 spear of Saocukergh {drain, rElec rPois
                  | rN+ Dex+2}
 16985 | Vaults:5 | Identified the +4 flail of Ugaywn {flame, rC+ Dex+2 Stlth+}
 17184 | Vaults:5 | Identified the +6 broad axe of Yredelemnul, Building {vamp,
                  | rPois Will++}
 17687 | Depths:1 | Entered Level 1 of the Depths
 17691 | Depths:1 | Reached skill level 15 in Fighting
 17856 | Depths:1 | Found a sparkling altar of Nemelex Xobeh.
 17923 | Depths:1 | Found a gateway to Hell.
 18063 | Depths:1 | Identified the +0 pair of gloves "Emmoen" {rPois rC- Int+3}
 18101 | Depths:2 | Found a one-way gate leading to the halls of Pandemonium.
 18251 | Depths:2 | Found a one-way gateway to a ziggurat.
 18482 | Depths:2 | Reached XP level 22. HP: 227/227 MP: 21/21
 18495 | Depths:2 | Identified the +1 fire dragon scales of Valour {Harm rF++
                  | rC-}
 18519 | Depths:2 | Noticed a dread lich
 18523 | Depths:2 | Noticed a dread lich
 18524 | Depths:2 | Killed a dread lich
 18535 | Depths:2 | Killed a dread lich
 18546 | Depths:2 | Found a faded altar of an unknown god.
 18607 | Depths:4 | Entered Level 4 of the Depths
 18732 | Depths:4 | Found a gate to the Realm of Zot.
 18760 | Depths:4 | Got a midnight gem with 1453 turns to spare
 18907 | Depths:4 | Found Rugheaw's Self-Improvement Boutique.
 18915 | Depths:4 | Bought a manual of Shields for 1680 gold pieces
 19498 | Lair:4   | Gained mutation: You occasionally lose the ability to read
                  | scrolls when taking damage. [potion of mutation]
 19499 | Lair:4   | Lost mutation: You occasionally lose the ability to read
                  | scrolls when taking damage. [potion of mutation]
 19499 | Lair:4   | Gained mutation: You are robust. (+10% HP) [potion of
                  | mutation]
 19500 | Lair:4   | Lost mutation: You are robust. (+10% HP) [potion of
                  | mutation]
 19500 | Lair:4   | Gained mutation: You are strong-willed. (Will+) [potion of
                  | mutation]
 19501 | Lair:4   | Lost mutation: You are strong-willed. (Will+) [potion of
                  | mutation]
 19501 | Lair:4   | Gained mutation: You are dopey. (Int -2) [potion of
                  | mutation]
 19501 | Lair:4   | Gained mutation: You are resistant to electric shocks.
                  | (rElec) [potion of mutation]
 19502 | Lair:4   | Lost mutation: You are dopey. (Int -2) [potion of mutation]
 19502 | Lair:4   | Lost mutation: You are resistant to electric shocks.
                  | (rElec) [potion of mutation]
 19502 | Lair:4   | Gained mutation: You possess an exceptional clarity of
                  | mind. [potion of mutation]
 19502 | Lair:4   | Gained mutation: You are robust. (+10% HP) [potion of
                  | mutation]
 19512 | Slime:1  | Entered Level 1 of the Pits of Slime
 19538 | Slime:3  | Noticed Dissolution
 19542 | Slime:3  | Killed Dissolution
 19588 | Slime:5  | Entered Level 5 of the Pits of Slime
 19697 | Slime:5  | Found a viscous altar of Jiyva.
 19747 | Slime:5  | Noticed the Royal Jelly
 19766 | Slime:5  | Killed the Royal Jelly
 19767 | Slime:5  | Reached XP level 23. HP: 239/259 MP: 3/22
 19841 | Slime:5  | Identified the staff of Uhesm {rN+ Int+2 Necro}
 19842 | Slime:5  | Got a starry gem with 283 turns to spare
 19844 | Slime:5  | Got a slimy rune of Zot
 19876 | Slime:5  | Identified the staff of Malum Prohibitum {rElec rPois rF+++
                  | Str-5 Stlth- Air}
 19889 | Slime:5  | Got the Volume of the Boreal Mausoleum
 19913 | Slime:5  | Identified the ring of Foxteilo {Str+3 Int+6}
 20345 | Hell     | Entered the Vestibule of Hell
 20345 | Hell     | Noticed Geryon
 20453 | Hell     | Killed Geryon
 20465 | Hell     | Reached skill level 19 in Unarmed Combat
 20483 | Hell     | Found a gateway to the Iron City of Dis.
 20541 | Pan      | Entered Pandemonium
 20541 | Pan      | Noticed Ulalokud the pandemonium lord
 20682 | Pan      | Killed Ulalokud the pandemonium lord
 20764 | Abyss:3  | Found a corrupted altar of Lugonu.
 20764 | Abyss:3  | Cast into level 3 of the Abyss (+1 demon trident of
                  | distortion)
 20768 | Abyss:3  | Found a corrupted altar of Lugonu.
 20775 | Pan      | Escaped the Abyss
 20857 | Pan      | Got a demonic rune of Zot
 20988 | Pan      | Noticed Codweacu the pandemonium lord
 21070 | Pan      | Killed Codweacu the pandemonium lord
 21139 | Pan      | Found an exit through the horrors of the Abyss.
 21259 | Pan      | Reached skill level 10 in Armour
 21472 | Pan      | Noticed Kistauck the pandemonium lord
 21587 | Pan      | Reached XP level 24. HP: 250/275 MP: 22/22
 21788 | Pan      | Noticed Saom the pandemonium lord
 21816 | Pan      | Killed Saom the pandemonium lord
 21846 | Pan      | Found a runed translucent door.
 21883 | Pan      | Entered the realm of Gloorx Vloq.
 21895 | Pan      | Reached skill level 20 in Unarmed Combat
 21899 | Pan      | Reached skill level 15 in Shields
 22011 | Pan      | Noticed Gloorx Vloq
 22110 | Pan      | Got a dark rune of Zot
 22129 | Pan      | Killed Gloorx Vloq
 22171 | Pan      | Entered the realm of Mnoleg.
 22238 | Pan      | Noticed Mnoleg
 22317 | Pan      | Killed Mnoleg
 22378 | Pan      | Got a glowing rune of Zot
 22668 | Pan      | Entered the realm of Lom Lobon.
 22870 | Pan      | Reached XP level 25. HP: 274/289 MP: 3/22
 22953 | Pan      | Noticed Lom Lobon
 23159 | Pan      | Killed Lom Lobon
 23167 | Pan      | Got a magical rune of Zot
 23331 | Pan      | Found an exit through the horrors of the Abyss.
 23378 | Pan      | Entered the realm of Cerebov.
 23429 | Pan      | Found an exit through the horrors of the Abyss.
 23593 | Pan      | Identified the ring "Tasomosh" {Wiz Int+3}
 23672 | Pan      | Found the +6 sword of Cerebov {flame}
 23672 | Pan      | Noticed Cerebov
 23694 | Pan      | Killed Cerebov
 23729 | Pan      | Got a fiery rune of Zot
 23875 | Pan      | Found an exit through the horrors of the Abyss.
 23885 | Pan      | Took an exit into the Abyss.
 23885 | Abyss:3  | Escaped into the Abyss
 23914 | Abyss:3  | Noticed an ancient lich
 23928 | Abyss:3  | Killed an ancient lich
 24094 | Abyss:4  | Paralysed by accursed screaming for 1 turns
 24100 | Abyss:4  | Paralysed by accursed screaming for 1 turns
 24134 | Abyss:4  | Found a corrupted altar of Lugonu.
 24162 | Abyss:5  | Found a corrupted altar of Lugonu.
 24204 | Abyss:5  | Got an abyssal rune of Zot
 24218 | Abyss:5  | Found a corrupted altar of Lugonu.
 24280 | Depths:2 | Escaped the Abyss
 24384 | Zot:1    | Entered Level 1 of the Realm of Zot
 24526 | Zot:1    | Reached XP level 26. HP: 302/310 MP: 22/22
 24666 | Zot:1    | Noticed Vv
 24751 | Zot:2    | Reached skill level 15 in Armour
 24913 | Zot:2    | Reached skill level 10 in Throwing
 24979 | Zot:2    | Noticed an orb of fire
 24994 | Zot:2    | Killed an orb of fire
 25072 | Zot:5    | Entered Level 5 of the Realm of Zot
 25099 | Zot:5    | Got a prismatic gem with 334 turns to spare
 25380 | Hell     | Found a gateway to the ashen valley of Gehenna.
 25419 | Geh:1    | Entered Level 1 of Gehenna
 25450 | Geh:1    | Reached XP level 27. HP: 325/325 MP: 22/22
 25847 | Geh:7    | Entered Level 7 of Gehenna
 26124 | Geh:7    | Identified the +0 ring mail of Activism {rPois}
 26149 | Geh:7    | Found the +13 sceptre of Asmodeus
 26149 | Geh:7    | Noticed Asmodeus
 26175 | Geh:7    | Killed Asmodeus
 26188 | Geh:7    | Got an obsidian rune of Zot
 26333 | Hell     | Found a gateway to the freezing wastes of Cocytus.
 26350 | Coc:1    | Entered Level 1 of Cocytus
 26350 | Coc:1    | Noticed an ancient lich
 26357 | Coc:1    | Killed an ancient lich
 26550 | Coc:4    | Paralysed by a wendigo for 1 turns
 26563 | Coc:4    | Paralysed by a wendigo for 1 turns
 26621 | Coc:5    | Reached skill level 21 in Unarmed Combat
 26657 | Coc:6    | Paralysed by a wendigo for 1 turns
 26663 | Coc:6    | Paralysed by a wendigo for 1 turns
 26715 | Coc:7    | Entered Level 7 of Cocytus
 26850 | Coc:7    | Paralysed by a wendigo for 1 turns
 26853 | Coc:7    | Paralysed by a wendigo for 1 turns
 26902 | Coc:7    | Reached skill level 22 in Unarmed Combat
 27002 | Coc:7    | Noticed Antaeus
 27030 | Coc:7    | Killed Antaeus
 27042 | Coc:7    | Got an icy rune of Zot
 27108 | Hell     | Found a gateway to the decaying netherworld of Tartarus.
 27117 | Tar:1    | Entered Level 1 of Tartarus
 27119 | Tar:1    | You fall into a shaft and drop 1 floor!
 27378 | Tar:6    | Reached skill level 23 in Unarmed Combat
 27483 | Tar:7    | Entered Level 7 of Tartarus
 27685 | Tar:7    | Identified the +0 crystal plate armour "Nuqogg" {Rampage
                  | rCorr}
 27693 | Tar:7    | Noticed Ereshkigal
 28017 | Tar:7    | Killed Ereshkigal
 28030 | Tar:7    | Got a bone rune of Zot
 28105 | Dis:1    | Entered Level 1 of the Iron City of Dis
 28110 | Dis:1    | Reached skill level 24 in Unarmed Combat
 28140 | Dis:2    | Noticed an ancient lich
 28147 | Dis:2    | Killed an ancient lich
 28207 | Dis:3    | Noticed a juggernaut
 28214 | Dis:3    | Killed a juggernaut
 28395 | Dis:5    | Reached skill level 25 in Unarmed Combat
 28412 | Dis:6    | Noticed a dread lich
 28412 | Dis:6    | Noticed a dread lich
 28412 | Dis:6    | Noticed a dread lich
 28415 | Dis:6    | Killed a dread lich
 28416 | Dis:6    | Noticed an ancient lich
 28417 | Dis:6    | Killed a dread lich
 28420 | Dis:6    | Killed a dread lich
 28420 | Dis:6    | Noticed a dread lich
 28429 | Dis:6    | Killed a dread lich
 28440 | Dis:6    | Killed an ancient lich
 28560 | Dis:7    | Entered Level 7 of the Iron City of Dis
 28659 | Dis:7    | Reached skill level 26 in Unarmed Combat
 28828 | Dis:7    | Noticed Dispater
 28838 | Dis:7    | Killed Dispater
 28851 | Dis:7    | Found the +5 glaive of the Guard {elec, spectral}
 28857 | Dis:7    | Got an iron rune of Zot
 29593 | Vaults:3 | Found a staircase to the Crypt.
 29601 | Crypt:1  | Entered Level 1 of the Crypt
 29645 | Crypt:2  | Noticed Khufu
 29647 | Crypt:2  | Noticed a royal mummy
 29649 | Crypt:2  | Noticed a royal mummy
 29650 | Crypt:2  | Noticed a royal mummy
 29652 | Crypt:2  | Killed a royal mummy
 29652 | Crypt:2  | Killed Khufu
 29657 | Crypt:2  | Killed a royal mummy
 29671 | Crypt:2  | Killed a royal mummy
 29672 | Crypt:2  | Reached skill level 27 in Unarmed Combat
 29695 | Crypt:3  | Entered Level 3 of the Crypt
 29980 | Crypt:3  | Found a shimmering altar of Xom.
 30026 | Crypt:3  | Got an ivory gem with 1379 turns to spare
 30127 | Crypt:3  | Found a staircase to the Tomb.
 30151 | Tomb:1   | Entered Level 1 of the Tomb of the Ancients
 30234 | Tomb:1   | Noticed a royal mummy
 30235 | Tomb:1   | Noticed a royal mummy
 30237 | Tomb:1   | Noticed a royal mummy
 30241 | Tomb:1   | Killed a royal mummy
 30241 | Tomb:1   | Killed a royal mummy
 30250 | Tomb:1   | Killed a royal mummy
 30259 | Tomb:1   | Noticed a royal mummy
 30270 | Tomb:1   | Killed a royal mummy
 30425 | Tomb:2   | Noticed a royal mummy
 30426 | Tomb:2   | Noticed a royal mummy
 30436 | Tomb:2   | Killed a royal mummy
 30437 | Tomb:2   | Noticed a royal mummy
 30439 | Tomb:2   | Killed a royal mummy
 30441 | Tomb:2   | Noticed a royal mummy
 30534 | Tomb:2   | Killed a royal mummy
 30536 | Tomb:2   | Killed a royal mummy
 30672 | Tomb:1   | Noticed a royal mummy
 30674 | Tomb:1   | Noticed a royal mummy
 30679 | Tomb:1   | Killed a royal mummy
 30681 | Tomb:1   | Killed a royal mummy
 30683 | Tomb:1   | Noticed a royal mummy
 30684 | Tomb:1   | Noticed a royal mummy
 30687 | Tomb:1   | Noticed a royal mummy
 30692 | Tomb:1   | Killed a royal mummy
 30694 | Tomb:1   | Noticed a royal mummy
 30699 | Tomb:1   | Killed a royal mummy
 30704 | Tomb:1   | Killed a royal mummy
 30709 | Tomb:1   | Killed a royal mummy
 30812 | Tomb:1   | Noticed a royal mummy
 30816 | Tomb:1   | Noticed a royal mummy
 30830 | Tomb:1   | Killed a royal mummy
 30835 | Tomb:1   | Killed a royal mummy
 30861 | Tomb:1   | Noticed a royal mummy
 30869 | Tomb:1   | Noticed a royal mummy
 30870 | Tomb:1   | Killed a royal mummy
 30878 | Tomb:1   | Killed a royal mummy
 30890 | Tomb:1   | Noticed a royal mummy
 30893 | Tomb:1   | Noticed a royal mummy
 30894 | Tomb:1   | Killed a royal mummy
 30897 | Tomb:1   | Killed a royal mummy
 30912 | Tomb:1   | Noticed a royal mummy
 30919 | Tomb:1   | Killed a royal mummy
 30928 | Tomb:1   | Noticed a royal mummy
 30934 | Tomb:1   | Killed a royal mummy
 31027 | Tomb:3   | Entered Level 3 of the Tomb of the Ancients
 31027 | Tomb:3   | Found the +3 Elemental Staff {ele, rElec rF+ rC+ AC+3}
 31027 | Tomb:3   | Found the +8 longbow "Zephyr" {speed, Dex+3 SInv}
 31033 | Tomb:3   | Identified the +4 great sword of Ru's Whim {flame, rF+
                  | Int+5}
 31055 | Tomb:3   | Noticed a royal mummy
 31064 | Tomb:3   | Killed a royal mummy
 31064 | Tomb:3   | Noticed a royal mummy
 31064 | Tomb:3   | Noticed a royal mummy
 31072 | Tomb:3   | Killed a royal mummy
 31081 | Tomb:3   | Killed a royal mummy
 31104 | Tomb:3   | Noticed a royal mummy
 31112 | Tomb:3   | Killed a royal mummy
 31131 | Tomb:3   | Noticed a royal mummy
 31131 | Tomb:3   | Noticed a royal mummy
 31131 | Tomb:3   | Noticed a royal mummy
 31137 | Tomb:3   | Killed a royal mummy
 31137 | Tomb:3   | Killed a royal mummy
 31139 | Tomb:3   | Killed a royal mummy
 31144 | Tomb:3   | Noticed a royal mummy
 31150 | Tomb:3   | Killed a royal mummy
 31169 | Tomb:3   | Noticed a royal mummy
 31171 | Tomb:3   | Got a sanguine gem with 639 turns to spare
 31178 | Tomb:3   | Killed a royal mummy
 31197 | Tomb:3   | Got a golden rune of Zot
 32018 | Zot:5    | Noticed an ancient lich
 32020 | Zot:5    | Noticed an ancient lich
 32023 | Zot:5    | Killed an ancient lich
 32032 | Zot:5    | Killed an ancient lich
 32035 | Zot:5    | Noticed an orb of fire
 32036 | Zot:5    | Killed an orb of fire
 32051 | Zot:5    | Reached skill level 15 in Throwing
 32097 | Zot:5    | Got the Orb of Zot
 32098 | Zot:5    | Noticed an orb of fire
 32100 | Zot:5    | Noticed a dread lich
 32149 | Zot:3    | Noticed an orb of fire
 32151 | Zot:3    | Identified the +6 tower shield of Valour {Int+5 Dex+4}
 32260 | Depths:4 | Noticed Baphigia the pandemonium lord
 32267 | Depths:4 | Killed Baphigia the pandemonium lord
 32281 | Depths:3 | Noticed Fatiup the pandemonium lord
 32283 | Depths:3 | Killed Fatiup the pandemonium lord
 32702 | D:$      | Escaped with the Orb!

Illustrated notes

Levels and vault maps discovered:
D:1:      tarquinn_simple_flora_water_b, layout_rooms,
          ebering_ecumenical_altar_mist, serial_shops, shop,
          nicolae_shop_window_shopping, shop, interstate_on_off
D:2:      layout_loops_ring, basic_altar, uniq_sigmund
D:3:      minmay_wonky_spiral, layout_loops_ring, bloody_makhleb
D:4:      layout_rooms, nzn_wu_jian_council_hall,
          mainiacjoe_overflow_six_doors_small, nicolae_shop_i_like_big_books
D:5:      layout_rooms, regret_index_kikubaaqudgha_part_by_part,
          minmay_temple_entry_waves
D:6:      layout_loops_ring, kennysheep_slug_shrine,
          nicolae_uskayaw_murder_on_the_dancefloor, minmay_misc_feat_x,
          nicolae_twisty_statue_hallways
D:7:      layout_basic, marbit_many_paths, lemuel_crystal_altar,
          gammafunk_ghost_necromancy, serial_shops, nicolae_book_shop_shelving
D:8:      layout_loops_ring, mainiacjoe_overflow_catwalk, kennysheep_little_box,
          david_lair_shrubbed, nicolae_shop_firing_range, uniq_pikel
D:9:      layout_basic, orc_0_dummy, serial_co_window_serial,
          co_window_of_opportunity_a, co_window_paths_a, co_window_paths_b,
          co_window_paths_b, co_window_corner_a, co_window_paths_a,
          co_window_corner_a, co_window_corner_b, co_window_broadway_b,
          co_window_paths_c, co_window_unsneaky_path_e, co_window_broadway_c,
          co_window_corner_b, co_window_of_opportunity_b, glass_columns_a,
          glass_columns_c, glass_columns_b, glass_columns_a
D:10:     layout_basic, nicolae_ashenzari_panopticon, lemuel_tele_altar,
          grunt_gozag_statues, hangedman_decor_riveting
D:11:     layout_loops_corners, portal_ice_cave_rime, uniq_erica
D:12:     layout_irregular_city
D:13:     layout_cave_pools, minmay_rotating_lava
D:14:     layout_stronghold, hellmonk_vaults_order_and_chaos, minmay_holes,
          guppyfry_shop_earth
D:15:     grunt_enter_depths_snipers, layout_long_grid, gauntlet_entry_generic
Lair:1:   layout_loops_ring, hellmonk_ghost_happy_afterlife
Lair:2:   layout_small_grid
Lair:3:   layout_chaotic_city, mainiacjoe_shoals_entry_four_pools,
          hellmonk_spider_entry_life_and_decay, lemuel_centaur_altar,
          grunt_megastairs_5, lemuel_fruit_fields, lemuel_fruit_fields
Lair:4:   layout_gridlike, slime_entry_2, uniq_kirke
Lair:5:   hangedman_lair_caniforms_friends, layout_big_grid,
          guppyfry_lair_end_dragon, serial_bayou_shore_a, grunt_megastairs_3,
          uniq_sonja
Shoals:1: layout_shoals
Shoals:2: layout_shoals, uniq_polyphemus, uniq_nikola, uniq_frances
Shoals:3: layout_shoals, nicolae_shoals_arrival_archipelago, uniq_ilsuiw,
          uniq_louise, uniq_bai_suzhen
Shoals:4: shoals_end_hangedman, layout_shoals, serial_shops, shop
Spider:1: cheibrodos_spider_deadly_dance, hangedman_spider_tarantella_strand,
          uniq_aizul
Spider:2: nicolae_spider_hilbert_zone_3 [nicolae_spider_hilbert_4_sides_2_open,
          nicolae_spider_hilbert_3_sides_1_open,
          nicolae_spider_hilbert_3_sides_1_open,
          nicolae_spider_hilbert_3_sides_1_open,
          nicolae_spider_hilbert_3_sides_1_open,
          nicolae_spider_hilbert_4_sides_1_open,
          nicolae_spider_hilbert_4_sides_1_open,
          nicolae_spider_hilbert_4_sides_1_open,
          nicolae_spider_hilbert_4_sides_1_open,
          nicolae_spider_hilbert_4_sides_1_open,
          nicolae_spider_hilbert_4_sides_1_open,
          nicolae_spider_hilbert_4_sides_1_open,
          nicolae_spider_hilbert_4_sides_1_open,
          nicolae_spider_hilbert_3_sides_1_open,
          nicolae_spider_hilbert_3_sides_1_open,
          nicolae_spider_hilbert_3_sides_1_open,
          nicolae_spider_hilbert_3_sides_1_open], nicolae_spider_orb_run
Spider:3: layout_chambers, nicolae_spider_nook
Spider:4: floodkiller_spider_rune_tomb
Slime:1:  layout_caves, nicolae_slime_ancient_tower_intersection
Slime:2:  layout_caves, cheibrodos_slime_lost_civilization_5
Slime:3:  layout_caves, uniq_dissolution
Slime:4:  layout_caves
Slime:5:  slime_pit_nicolae_jellycorners
Orc:1:    orc_temple, layout_diamond_mine, serial_shops,
          nicolae_shop_rolling_square, basic_altar, nicolae_volcano_entry_s_turn
Orc:2:    hellmonk_orc_salted, layout_caves, serial_shops, shop, uniq_josephine,
          uniq_urug
Elf:1:    elf_arrival_001, layout_geoelf_diagonals,
          nicolae_elf_shapeshifter_party, small_statue_intersection,
          dk_noncrumbling_4, elves_outpost_lemuel, lemuel_upstairs_altar
Elf:2:    nicolae_elf_blades_crystal_corner, layout_onion_city,
          ebering_ghost_disaster_area, basic_altar, corexii_hall_statues_t,
          lemuel_flamethrower_3
Elf:3:    minmay_elf_hall_x, layout_gridlike, grunt_megastairs_1
Vaults:1: nicolae_vaults_six-pack, nicolae_vaults_taking_the_gang_shopping,
          nicolae_vaults_trapezoid_lopsided_4, nicolae_vaults_tetromino_T_1,
          nicolae_vaults_enemy_cabinets, nicolae_vaults_closet_pinwheel_6,
          layout_vaults_omnigrid
Vaults:2: ebering_ghost_gozag, v_misc_18, v_misc_27, nicolae_vaults_apartment_2,
          vaults_dpeg_ring, nicolae_vaults_circle_grid_b,
          lightli_church_of_beogh, ontoclasm_vaults_hangar,
          vaults_mumra_hexcomb, hangedman_vaults_slice, ontoclasm_vaults_pinch,
          nicolae_vaults_trapezoid_lopsided_3, nicolae_vaults_little_squares_6,
          nicolae_vaults_circle_grid_a, vaults_dpeg_emergency_exit,
          layout_vaults_omnicross
Vaults:3: portal_desolation_entry_nicolae_nacl, v_misc_12,
          minmay_crypt_entry_simple_sparse, v_misc_18,
          hangedman_vaults_river_flow, v_misc_1,
          nicolae_vaults_surprise_closet_hard, vaults_room_semicircle,
          v_pattern_3, grunt_vaults_hallway_short,
          nicolae_vaults_offset_grid_hallway_2, nicolae_vaults_tetromino_T_1,
          nicolae_vaults_weapon_check, nicolae_vaults_little_squares_1,
          layout_vaults_maze, serial_shops, nicolae_shop_hallway_plus,
          uniq_xtahua
Vaults:4: nicolae_vaults_back_hallway, nicolae_vaults_tetromino_T_1,
          nicolae_vaults_ellipses_ellipsis, nicolae_vaults_diamond_2, v_rooms_1,
          serial_library_hellmonk_open_square, nicolae_vaults_layer_cake_slice,
          v_misc_8, v_misc_30, nicolae_vaults_rhombus_5,
          nicolae_vaults_tetromino_L_1, v_rooms_4, vaults_room_pools,
          nicolae_vaults_tetromino_Z_2, vaults_room_stairs_pillars,
          layout_vaults_ring, serial_shops, nicolae_shop_trees
Vaults:5: uniq_margery
Crypt:1:  layout_chaotic_city, grunt_megastairs_4, uniq_mennas
Crypt:2:  layout_misc_corridors, uniq_khufu
Crypt:3:  church_of_pain_bobbens, layout_chaotic_city,
          tomb_entry_forgotten_bobbens, corexii_hall_statues_l, uniq_jory
Tomb:1
Tomb:2
Tomb:3
Depths:1: layout_twisted_cross, hell_entry, nemelex_xobeh_ov_fountains_minmay,
          st_stairs_2, chequers_hall_statues_wall_a, hangedman_decor_slide_cut,
          dk_noncrumbling_3, lemuel_zombie_altar_yredelemnul
Depths:2: regret_index_infernal_bastille, layout_cave_shapes, enter_ziggurat_b,
          grunt_pan_entry_spiral, hell_entry, infiniplex_staircase_squiggle
Depths:3: minmay_the_grid_octo_2x2 [minmay_the_grid_octo_fat_diamond,
          minmay_the_grid_octo_vomiting_pacman, minmay_the_grid_octo_shrine,
          minmay_the_grid_octo_prize_square_snowflake], layout_gridville,
          hell_entry, nicolae_figureground_pulse, abyss_entry,
          kennysheep_generic_room_3, minmay_staircase_windowed_small
Depths:4: grunt_zot_entry_bicorn, layout_gridville, abyss_entry, serial_shops,
          bzr_entry_gold, pf_coc_iceberg, nicolae_shop_self_help
Hell
Dis:1:    layout_gridville
Dis:2:    layout_gridville, nicolae_hells_fiendish_ambush
Dis:3:    hangedman_iron_city_apartments
Dis:4:    layout_jigsaw, hangedman_dis_decor_tower
Dis:5:    layout_regular_city, hangedman_dis_chains,
          nicolae_hells_seeping_fissure
Dis:6:    layout_gridville, nicolae_dis_liches_on_tour
Dis:7:    iron_city_of_dis [dis_mu, dis_wall_2], layout_gridville
Geh:1:    layout_gehenna_lava_caves
Geh:2:    layout_gehenna_lava_caves
Geh:3:    layout_gehenna_lava_caves
Geh:4:    layout_gehenna_pools_triple
Geh:5:    layout_gehenna_pools_triple
Geh:6:    layout_gehenna_pools_triple
Geh:7:    geh_grunt
Coc:1:    layout_ice_bergs
Coc:2:    nooodl_cocytus_jagged_cave
Coc:3:    layout_ice_bergs
Coc:4:    layout_cocytus_water_paths, nicolae_coc_statues_of_limitations
Coc:5:    layout_cocytus_water_paths
Coc:6:    nicolae_coc_three_mouths, layout_cocytus_delve,
          nicolae_hells_seeping_fissure
Coc:7:    coc_dpeg
Tar:1:    layout_honeycomb, nicolae_tar_cuneiform_bird
Tar:2:    minmay_shadows, layout_honeycomb
Tar:3:    layout_grid_maze
Tar:4:    layout_honeycomb, nicolae_tar_cuneiform_heaven
Tar:5:    layout_grid_maze
Tar:6:    layout_grid_maze
Tar:7:    tar_mu [tar_mu_maze]
Zot:1:    lemuel_acid_trip, layout_cathedral_of_symmetry, st_stairs_2, uniq_vv
Zot:2:    grunt_zot_stairs_mandelzot, layout_basic
Zot:3:    layout_twisted_circle, nicolae_diode_quadrants
Zot:4:    layout_gridlike, gammafunk_ghost_split
Zot:5:    layout_basic, drop_trap

Skill      XL: |  1  2  3  4  5  6  7  8  9 10 11 12 13 14 15 16 17 18 19 20 21 22 23 24 25 26 27 |
---------------+----------------------------------------------------------------------------------+-----
Unarmed Combat | 4 5 6 7 8 9 11 12 15 16 17 18 19 20 27 | 27.0
Shapeshifting  | 4 5 6 7 11 15 16 17 19 21 23 | 23.0
Fighting       | 3 5 7 8 9 10 11 12 13 14 15 16 17 19 21 26 | 26.9
Dodging        | 3 5 7 9 10 11 13 14 15 17 | 17.1
Armour         | 1 7 8 10 12 14 16 19 | 19.7
Shields        | 3 6 8 10 11 14 16 18 20 | 20.0
Throwing       | 4 5 6 7 11 15 | 15.6

Action                     |  1- 3 |  4- 6 |  7- 9 | 10-12 | 13-15 | 16-18 | 19-21 | 22-24 | 25-27 || total
---------------------------+-------+-------+-------+-------+-------+-------+-------+-------+-------++-------
  Melee: Unarmed           |    53 |    79 |   224 |   414 |  1002 |  1009 |  1254 |  2161 |  4917 || 11113
         Punch             |     1 |       |     2 |    32 |    42 |     9 |       |       |       ||    86
         Scimitar          |       |       |       |       |    20 |       |       |       |       ||    20
         Tailslap          |       |       |       |       |    32 |    13 |       |       |       ||    45
         Bite              |       |       |       |       |    24 |    16 |       |       |       ||    40
  Throw: Dart              |       |       |       |     6 |     8 |       |       |       |     2 ||    16
         Large rock        |       |       |       |       |       |     5 |       |       |       ||     5
         Javelin           |       |       |       |       |       |       |       |    14 |     3 ||    17
 Invoke: Serpent's Lash    |       |       |       |     5 |    18 |    10 |    17 |    24 |    34 ||   108
         Heavenly Storm    |       |       |       |       |     1 |     5 |     1 |     4 |    17 ||    28
Ability: Lunge             |       |     5 |    15 |    37 |    78 |   109 |    91 |   140 |   366 ||   841
         Whirlwind         |       |       |    12 |    89 |   223 |   403 |   730 |   984 |  2415 ||  4856
         Wall Jump         |       |       |       |     4 |    10 |       |     1 |    11 |     3 ||    29
         Breathe Fire      |       |       |       |       |     7 |     2 |       |       |       ||     9
         Siphon Essence    |       |       |       |       |       |       |       |     2 |     4 ||     6
  Evoke: Wand              |       |       |     3 |     5 |       |     2 |     1 |     1 |     5 ||    17
         Lightning rod     |       |       |       |       |     4 |     2 |       |       |       ||     6
    Use: Potion            |     1 |     1 |     5 |     1 |     4 |     8 |     6 |     5 |     6 ||    37
         Scroll            |       |     1 |     6 |     1 |    12 |     9 |     6 |    10 |    17 ||    62
   Stab: Sleeping          |     2 |       |     1 |       |     1 |       |       |       |       ||     4
         Paralysed         |       |       |     6 |       |       |       |       |     2 |       ||     8
         Distracted        |       |       |       |       |       |     2 |       |       |     1 ||     3
 Armour: Animal skin       |    36 |    49 |    10 |       |       |       |       |       |       ||    95
         Skin              |    34 |    15 |    87 |       |   214 |   719 |   638 |   209 |       ||  1916
         Steam dragon scal |       |       |       |   192 |   394 |       |       |       |       ||   586
         Gold dragon scale |       |       |       |       |       |       |       |   830 |  1787 ||  2617
  Dodge: Dodged            |    25 |    15 |   106 |   138 |   303 |   652 |   840 |  1025 |   985 ||  4089
         Repelled          |       |       |     3 |       |       |       |       |       |       ||     3
  Block: Other             |       |       |     3 |    52 |    36 |       |       |       |       ||    91
         Reflection        |       |       |     1 |       |    23 |       |       |       |       ||    24
         Kite shield       |       |       |       |       |   296 |   620 |   749 |   707 |       ||  2372
         Tower shield      |       |       |       |       |       |       |       |   777 |  2820 ||  3597
   Form: Flux              |       |       |     1 |       |     3 |       |       |       |       ||     4
         Beast             |       |       |     1 |       |     2 |       |       |       |       ||     3
                           |       |       |       |       |     4 |       |       |       |       ||     4
         Dragon            |       |       |       |       |     3 |     1 |       |       |       ||     4
         Statue            |       |       |       |       |       |     2 |       |     1 |     3 ||     6
         Death             |       |       |       |       |       |       |       |     2 |     3 ||     5

Table legend: (Time is in decaauts)
 A = Elapsed time spent in this place.
 B = Non-inter-level travel time spent in this place.
 C = Inter-level travel time spent in this place.
 D = Time resting spent in this place.
 E = Time spent auto-exploring this place.
 F = Levels seen in this place.
 G = Mean time per level.
                   A        B        C        D        E       F      G
               +--------+--------+--------+--------+--------+-----+--------+
         Total |  35937 |  31291 |   4646 |    824 |      4 | 111 |  323.8 |
       Dungeon |   7782 |   5826 |   1956 |    134 |      0 |  15 |  518.8 |
          Lair |   3381 |   2849 |    532 |    307 |      0 |   5 |  676.2 |
        Shoals |   1866 |   1806 |     60 |      0 |      0 |   4 |  466.5 |
   Spider Nest |   1199 |   1137 |     62 |      0 |      0 |   4 |  299.8 |
    Slime Pits |    447 |    432 |     15 |      0 |      0 |   5 |   89.4 |
  Orcish Mines |   1186 |   1100 |     86 |    103 |      0 |   2 |  593.0 |
   Elven Halls |   1473 |   1473 |      0 |      0 |      0 |   3 |  491.0 |
        Vaults |   4081 |   3665 |    416 |     32 |      0 |   5 |  816.2 |
         Crypt |    624 |    490 |    134 |      0 |      0 |   3 |  208.0 |
          Tomb |   1360 |   1277 |     83 |     84 |      0 |   3 |  453.3 |
        Depths |   2831 |   2211 |    620 |      0 |      0 |   4 |  707.8 |
          Hell |    354 |    333 |     21 |      0 |      0 |   1 |  354.0 |
           Dis |    836 |    836 |      0 |     25 |      0 |   7 |  119.4 |
       Gehenna |    839 |    839 |      0 |      0 |      0 |   7 |  119.9 |
       Cocytus |    699 |    699 |      0 |      0 |      0 |   7 |   99.9 |
      Tartarus |    931 |    615 |    316 |      0 |      0 |   7 |  133.0 |
           Zot |   1232 |    890 |    342 |      2 |      0 |   5 |  246.4 |
         Abyss |    699 |    699 |      0 |      0 |      0 |   5 |  139.8 |
   Pandemonium |   3169 |   3169 |      0 |     25 |      0 |  16 |  198.1 |
       Volcano |    271 |    271 |      0 |    110 |      0 |   1 |  271.0 |
    Desolation |    553 |    553 |      0 |      0 |      0 |   1 |  553.0 |
      Gauntlet |    114 |    114 |      0 |      1 |      4 |   1 |  114.0 |
               +--------+--------+--------+--------+--------+-----+--------+

Top non-repeatable levels by time:
Depths:2: 1310 daAuts
    D:14: 1219 daAuts
Vaults:5: 1202 daAuts
     D:8: 1180 daAuts
Vaults:4: 981 daAuts
    D:15: 978 daAuts
   Elf:3: 927 daAuts
  Lair:5: 892 daAuts
  Lair:2: 804 daAuts
Vaults:3: 795 daAuts
     D:9: 780 daAuts
Depths:4: 764 daAuts
Vaults:1: 759 daAuts
Shoals:4: 744 daAuts
  Tomb:1: 703 daAuts
